 Dungeon Crawl Stone Soup version bcrawl-1.36 (webtiles) character file.

Game seed: 10195764160265013807

107501 Mrkan the Sneak (level 4, -6/34 HPs)
             Began as a Gnoll Archaeologist on Apr 17, 2022.
             Was an Initiate of Yredelemnul.
             Mangled by a gnoll
             ... wielding a cursed -2 halberd
              (11 damage)
             ... on level 3 of the Dungeon.
             The game lasted 00:03:03 (2545 turns).

Mrkan the Sneak (Gnoll Archaeologist)               Turns: 2545, Time: 00:03:03

Health: -6/34      AC:  6    Str: 14    XL:     4   Next: 56%
Magic:  5/5        EV: 14    Int: 16    God:    Yredelemnul [......]
Gold:   172        SH:  4    Dex: 14    Spells: 5/5 levels left

rFire    . . .     SeeInvis .   a - +0 whip
rCold    . . .     Gourm    .   s - +0 buckler
rNeg     . . .     Faith    .   c - +1 robe
rPois    .         Spirit   .   d - +1 hat
rElec    .         Reflect  .   (no cloak)
rCorr    .                      (no gloves)
MR       .....                  q - +1 pair of boots
Stlth    +++.......             (no amulet)
HPRegen  0.11/turn              (no ring)
MPRegen  0.09/turn              (no ring)

@: no status effects
A: distributed training, fangs 1, strong nose
a: Renounce Religion


You were on level 3 of the Dungeon.
You worshipped Yredelemnul.
Yredelemnul was noncommittal.
You were hungry.

You visited 1 branch of the dungeon, and saw 3 of its levels.

You collected 172 gold pieces.

Inventory:

Hand Weapons
 a - a +0 whip (weapon)
 b - a +0 blowgun
Missiles
 f - 6 curare-tipped needles
 m - 84 poisoned needles
 p - 69 needles of frenzy {=f}
Armour
 c - a +1 robe (worn)
 d - a +1 hat (worn)
 q - a +1 pair of boots (worn)
 s - a +0 buckler (worn)
Scrolls
 g - a scroll of magic mapping
 i - 4 scrolls of identify
 l - 2 scrolls of remove curse {unknown}
 o - a scroll of fear {unknown}
 r - a scroll of amnesia {unknown}
 t - a scroll of enchant armour {unknown}
Potions
 j - a potion of invisibility {unknown}
 n - a potion of heal wounds {unknown}
Miscellaneous
 h - a dusty tome
Comestibles
 e - 4 rations {!d}


   Skills:
 + Level 2.7 Fighting
 + Level 1.1 Short Blades
 + Level 1.1 Long Blades
 + Level 1.1 Axes
 + Level 2.7 Maces & Flails
 + Level 1.1 Polearms
 + Level 1.1 Staves
 + Level 1.1 Slings
 + Level 1.1 Bows
 + Level 1.1 Crossbows
 + Level 1.1 Throwing
 + Level 1.1 Armour
 + Level 6.6 Dodging
 + Level 6.6 Stealth
 + Level 1.1 Shields
 + Level 1.1 Unarmed Combat
 + Level 1.1 Spellcasting
 + Level 0.9 Conjurations
 + Level 0.9 Hexes
 + Level 0.9 Charms
 + Level 0.9 Summonings
 + Level 0.9 Necromancy
 + Level 0.9 Translocations
 + Level 0.9 Transmutations
 + Level 0.9 Fire Magic
 + Level 0.9 Ice Magic
 + Level 0.9 Air Magic
 + Level 0.9 Earth Magic
 + Level 0.9 Poison Magic
 + Level 1.2 Invocations
 + Level 1.1 Evocations


You had 5 spell levels left.
You didn't know any spells.
Your spell library was empty.

Dungeon Overview and Level Annotations

Branches:
Dungeon (3/12)

Altars:
Lugonu
Yredelemnul


Innate Abilities, Weirdness & Mutations

Your experience applies equally to all skills.
You have very sharp teeth.
Your uncanny sense of smell can sniff out nearby items.


Message History

* * * LOW HITPOINT WARNING * * *
You hit the worm. You bite the worm.
The worm is severely wounded.
The worm closely misses you. The gnoll barely misses you.
You hit the worm but do no damage.
The worm is heavily wounded.
You hit the worm but do no damage. You bite the worm, but do no damage.
The worm is heavily wounded.
The gnoll barely misses you. You block the worm's attack.
You hit the worm but do no damage.
The worm is heavily wounded.
The gnoll barely misses you. The worm barely misses you.
You hit the worm but do no damage.
The worm is heavily wounded.
The gnoll closely misses you.
You hit the worm.
The worm is severely wounded.
The gnoll hits you from afar with a cursed -2 halberd!
You die...
Your body rises from the dead as a mindless zombie.

#.# #.# ∆ #.# #.#
#########.# .#
........#.###...#
#......<.†..gg..#
#.#######.####.>#
#..@w.....#
#g#####.#.#
#g#....g#.#
#.#.#.#.# #
#g#...#.#
#g#####.#
#(...gg.# ∆
#.####### #.#


You could see a worm and a gnoll.

Vanquished Creatures
  A gnoll (D:3)
  An adder (D:2)
  An ooze (D:2)
  5 dart slugs
  4 leopard geckos
  2 ball pythons (D:1)
  2 giant cockroaches (D:1)
  6 hobgoblins
  4 jackals
  7 bats
  3 frilled lizards
  2 goblins
  2 jackal zombies (D:2)
  8 kobolds
  A quokka zombie (D:2)
  5 rats
54 creatures vanquished.

Notes
Turn   | Place    | Note
-------+----------+-------------------------------------------
     0 | D:1      | Mrkan the Gnoll Archaeologist began the quest for the Orb.
     0 | D:1      | Reached XP level 1. HP: 17/17 MP: 1/1
   223 | D:1      | Reached XP level 2. HP: 23/23 MP: 2/2
   835 | D:1      | Reached XP level 3. HP: 27/28 MP: 3/3
  1329 | D:1      | Reached skill level 1 in Invocations
  1462 | D:2      | Reached skill level 1 in Short Blades
  1462 | D:2      | Reached skill level 1 in Long Blades
  1462 | D:2      | Reached skill level 1 in Axes
  1462 | D:2      | Reached skill level 1 in Polearms
  1462 | D:2      | Reached skill level 1 in Staves
  1462 | D:2      | Reached skill level 1 in Slings
  1462 | D:2      | Reached skill level 1 in Bows
  1462 | D:2      | Reached skill level 1 in Crossbows
  1462 | D:2      | Reached skill level 1 in Throwing
  1462 | D:2      | Reached skill level 1 in Armour
  1462 | D:2      | Reached skill level 1 in Shields
  1462 | D:2      | Reached skill level 1 in Unarmed Combat
  1462 | D:2      | Reached skill level 1 in Spellcasting
  1462 | D:2      | Reached skill level 1 in Evocations
  1488 | D:2      | Reached XP level 4. HP: 22/34 MP: 5/5
  1892 | D:2      | Found a corrupted altar of Lugonu.
  1923 | D:2      | Found a basalt altar of Yredelemnul.
  2006 | D:2      | Became a worshipper of Yredelemnul the Dark
  2545 | D:3      | Mangled by a gnoll

Skill      XL: |  1  2  3 |
---------------+----------+-----
Invocations    | 1 |  1.2
Short Blades   | 1 |  1.1
Long Blades    | 1 |  1.1
Axes           | 1 |  1.1
Polearms       | 1 |  1.1
Staves         | 1 |  1.1
Slings         | 1 |  1.1
Bows           | 1 |  1.1
Crossbows      | 1 |  1.1
Throwing       | 1 |  1.1
Armour         | 1 |  1.1
Shields        | 1 |  1.1
Unarmed Combat | 1 |  1.1
Spellcasting   | 1 |  1.1
Evocations     | 1 |  1.1
Fighting       | |  2.7
Maces & Flails | |  2.7
Dodging        | |  6.6
Stealth        | |  6.6
Conjurations   | |  0.9
Hexes          | |  0.9
Charms         | |  0.9
Summonings     | |  0.9
Necromancy     | |  0.9
Translocations | |  0.9
Transmutations | |  0.9
Fire Magic     | |  0.9
Ice Magic      | |  0.9
Air Magic      | |  0.9
Earth Magic    | |  0.9
Poison Magic   | |  0.9

Action                   |  1- 3 |  4- 6 || total
-------------------------+-------+-------++-------
Melee: Whip              |   164 |    99 ||   263
       Bite              |    10 |    13 ||    23
  Use: Potion            |       |     1 ||     1
 Stab: Sleeping          |    11 |     6 ||    17
       Distracted        |       |     1 ||     1
  Eat: Chunk             |     6 |     2 ||     8
       Ration            |       |     1 ||     1
Armor: Robe              |    32 |    21 ||    53
Dodge: Dodged            |   106 |    69 ||   175
Block: Buckler           |       |    24 ||    24
